cohdb
Replays
Latest Replays
All Replays
Popular Replays
Top Player Replays
Match Explorer
How It Works
Community
CoH3 Stats
Reddit
Sign in to upload your games and track your stats! →
Sign in with Steam
Match 37629949
Unlisted
Match 37629949
Overview
Messages
Build Orders
End
Kradschützen Motorcycle Team
250 Light Carrier
Selects Armored Support Battlegroup
Panzergrenadier Squad
Panzergrenadier Squad
Construct Light Support Kompanie
Construct Mechanized Kompanie
Combat Half-tracks
Support Armor Elements
Panzerjäger Mechanized Group
StuG III D Assault Gun
Veteran Squad Leaders
Selects Superior Fire Drills
Selects Salvage Kits
Vehicle Survival Package
Construct Panzerarmee Kommand
Panzer III L Medium Tank
Selects Panzer Storm
Armored Reserves
Selects Stuka Anti-tank Loiter
Panzer IV Assault Group
Rapid Advance
Advanced Field Repairs
Advanced Optics
Stuka Anti-tank Loiter
Selects Flammpanzer III Medium Tank
Tiger Heavy Tank
Panzer III L Medium Tank
Stuka Anti-tank Loiter
SquishyMuffin
★ BLACK HAWK ★
Thrusher
Stark -_-
TavernelloIndustries®
gen. Edward Rydz-Śmigły
Sabom
DumbPanda
0
0
Comments
sign in to comment!
No comments posted yet!